 Dungeon Crawl Stone Soup version 0.27-a0-686-gaed091b46b (webtiles) character file.

Game seed: 10386778867330268681

17 jasper the Changer (level 2, 0/31 HPs)
             Began as a Demonspawn Transmuter on Mar 20, 2021.
             Slain by an adder (3 damage)
             ... on level 2 of the Dungeon.
             The game lasted 00:05:12 (1735 turns).

jasper the Changer (Demonspawn Transmuter)          Turns: 1735, Time: 00:05:13

Health: 0/31       AC:  1    Str: 10    XL:     2   Next: 44%
Magic:  13/14      EV: 12    Int: 14    God:
Gold:   33         SH:  0    Dex: 13    Spells: 2/5 levels left

rFire    . . .     SeeInvis .     - Unarmed
rCold    . . .     Faith    .   (no shield)
rNeg     . . .     Spirit   .   a - +0 robe
rPois    .         Reflect  .   (helmet restricted)
rElec    .         Harm     .   (no cloak)
rCorr    .         Rampage  .   (no gloves)
Will     .....                  (no boots)
Stlth    ..........             (no amulet)
HPRegen  0.10/turn              e - ring of magical power
MPRegen  0.14/turn              (no ring)

@: berserking, lethally poisoned (0 -> -10), very quick
A: powered by pain 1, horns 1, deformed body
a: no special abilities


You were on level 2 of the Dungeon.
You visited 1 branch of the dungeon, and saw 3 of its levels.

You collected 33 gold pieces.

Inventory:

Missiles
 d - 3 stones (quivered)
Armour
 a - a +0 robe (worn)
Jewellery
 e - a ring of magical power (right hand)
Scrolls
 f - a scroll of magic mapping {unknown}
 h - 3 scrolls of summoning {unknown}
 i - a scroll of teleportation {unknown}


   Skills:
 - Level 1.0 Fighting
 - Level 1.7 Dodging
 - Level 2.6 Unarmed Combat
 - Level 2.0 Spellcasting
 + Level 2.8 Transmutations


You had 2 spell levels left.
You knew the following spells:

 Your Spells              Type           Power      Damage    Failure   Level
a - Beastly Appendage     Tmut           18%        N/A       8%          1
b - Wereblood             Tmut           9%         N/A       11%         2

Your spell library contained the following spells:

 Spells                   Type           Power      Damage    Failure   Level
 Spider Form              Tmut/Pois      2%         N/A       36%         3
 Ice Form                 Ice/Tmut       5%         N/A       78%         4
 Blade Hands              Tmut           4%         N/A       90%         5
 Irradiate                Conj/Tmut      2%         3d14      98%         5
 Hydra Form               Tmut           4%         N/A       100%        6
 Statue Form              Tmut/Erth      3%         N/A       100%        6
 Dragon Form              Tmut           4%         N/A       100%        7


Dungeon Overview and Level Annotations

Branches:
Dungeon (3/15)

Altars:


Innate Abilities, Weirdness & Mutations

You sometimes gain a little power by taking damage.
You have a pair of small horns on your head.
Armour fits poorly on your strangely shaped body.


Message History

The adder closely misses you.
You barely miss the adder.
The adder is moderately wounded.
The adder bites you. The adder closely misses you.
Your magical contamination has completely faded away.
You take 2 damage, and have 10/21 hp.
You barely miss the adder. Your kick misses the adder.
The adder is moderately wounded.
The adder bites you.
You take 1 damage, and have 9/21 hp.
You closely miss the adder. Your headbutt misses the adder.
The adder is moderately wounded.
The adder closely misses you.
You closely miss the adder.
The adder is moderately wounded.
The adder bites you.
You are poisoned.
The adder poisons you! The adder bites you.
You take 2 damage, and have 8/21 hp.
It was a potion of mutation.
You feel extremely strange.
Your body twists and deforms.
The horns on your head grow some more.
You feel sick. The adder barely misses you.
You take 1 damage, and have 7/21 hp.
It was a potion of cancellation.
Your magical effects are unravelling.
You feel magically purged.
Your horns shrink.
Your talons disappear.
* * * LOW HITPOINT WARNING * * *
You feel sick. The adder bites you.
* * * LOW HITPOINT WARNING * * *
You are more poisoned.
The adder poisons you!
You take 4 damage, and have 3/21 hp.
Unknown command.
It was a potion of berserk rage.
A red film seems to cover your vision as you go berserk!
You feel yourself moving faster!
You feel mighty!
* * * LOW HITPOINT WARNING * * *
You feel sick. The adder barely misses you. The adder bites you.
You die...

########## #...S.....
#.####..## #S#### ##
#@#.. .. #######
#.#.# .# ## ......##
#.#.##..### .. .....#
#..........
#.####..#####.#######
.# #........>....# .#
#.#.<...#######
.#####..........#
......>.S....##.#


You could see an adder.

Vanquished Creatures
  A bat (D:1)
  A giant cockroach (D:1)
  3 goblins (D:1)
  3 hobgoblins
  3 kobolds (D:1)
  A frilled lizard (D:1)
  3 rats (D:1)
15 creatures vanquished.

Notes
Turn   | Place    | Note
-------+----------+-------------------------------------------
     0 | D:1      | jasper the Demonspawn Transmuter began the quest for the
                  | Orb.
     0 | D:1      | Reached XP level 1. HP: 15/15 MP: 3/3
   971 | D:1      | Gained mutation: You sometimes gain a little power by
                  | taking damage. [demonic ancestry]
   971 | D:1      | Reached XP level 2. HP: 21/21 MP: 5/5
   974 | D:1      | Learned a level 2 spell: Wereblood
  1733 | D:2      | Gained mutation: Armour fits poorly on your strangely
                  | shaped body. [potion of mutation]
  1733 | D:2      | Gained mutation: You have a pair of large horns on your
                  | head. [potion of mutation]
  1735 | D:2      | Slain by an adder

Illustrated notes

Levels and vault maps discovered:
D:1:      dpeg_arrival_boxorama, layout_basic
D:2:      layout_loops_cross, uniq_terence
D:3:      layout_basic

Skill      XL: |  1 |
---------------+----+-----
Transmutations | 2 |  2.8
Fighting       | |  1.0
Dodging        | |  1.7
Unarmed Combat | |  2.6
Spellcasting   | |  2.0

Action                   || total
-------------------------++-------
Melee: Unarmed           ||    51
       Headbutt          ||     3
       Kick              ||     5
Throw: Stone             ||    15
 Cast: Beastly Appendage ||    16
  Use: Potion            ||     3
Armor: Robe              ||     2
Dodge: Dodged            ||    30

Table legend: (Time is in decaauts)
 A = Elapsed time spent in this place.
 B = Non-inter-level travel time spent in this place.
 C = Inter-level travel time spent in this place.
 D = Time resting spent in this place.
 E = Time spent auto-exploring this place.
 F = Levels seen in this place.
 G = Mean time per level.
                   A        B        C        D        E       F      G
               +--------+--------+--------+--------+--------+-----+--------+
         Total |   1735 |   1597 |    138 |    247 |    759 |   3 |  578.3 |
       Dungeon |   1735 |   1597 |    138 |    247 |    759 |   3 |  578.3 |
               +--------+--------+--------+--------+--------+-----+--------+

Top non-repeatable levels by time:
     D:1: 1538 daAuts
     D:2: 194 daAuts
     D:3: 1 daAuts
